 Seeded DCSS version 0.28-a0-1555-g9ae15a6949 (webtiles) character file.

Game seed: 34 (custom seed)

31 knot the Chopper (level 3, 9/43 HPs)
             Began as a Demonspawn Berserker on Jan 19, 2022.
             Was a Follower of Trog.
             Quit the game on level 1 of the Dungeon.
             The game lasted 00:01:14 (784 turns).

knot the Chopper (Demonspawn Berserker)              Turns: 784, Time: 00:01:15

Health: 9/43       AC:  3    Str: 23    XL:     3   Next: 7%
Magic:  3/3        EV: 12    Int: 10    God:    Trog [*.....]
Gold:   16         SH:  0    Dex: 12    Spells: 2/2 levels left

rFire   . . .      SeeInvis .   a - +0 hand axe
rCold   . . .      Faith    .   (no shield)
rNeg    . . .      Spirit   .   b - +0 animal skin
rPois   .          Reflect  .   (no helmet)
rElec   .          Harm     .   (no cloak)
rCorr   .          Rampage  .   f - +0 pair of gloves
Will    .....                   (no boots)
Stlth   ..........              (no amulet)
HPRegen 0.14/turn               c - +6 ring of strength
MPRegen 0.08/turn               (no ring)

@: berserking, very quick
A: powered by death 1, weakness stinger 1
a: Renounce Religion, Berserk


You were on level 1 of the Dungeon.
You worshipped Trog.
Trog was aware of your devotion.
You visited 1 branch of the dungeon, and saw 2 of its levels.

You collected 16 gold pieces.

Inventory:

Hand Weapons
 a - a +0 hand axe (weapon)
Missiles
 d - 38 stones (quivered)
Armour
 b - a +0 animal skin (worn)
 f - a +0 pair of gloves (worn)
Jewellery
 c - a +6 ring of strength (left hand)
Scrolls
 e - 3 scrolls of identify {unknown}
 g - a scroll of vulnerability {unknown}
Potions
 h - a potion of attraction {unknown}
 j - a potion of invisibility {unknown}


   Skills:
 - Level 3.0 Fighting
 * Level 3.7 Axes
 * Level 0.7 Throwing
 - Level 1.7 Armour
 - Level 1.7 Dodging


You had 2 spell levels left.
You didn't know any spells.
Your spell library was empty.

Dungeon Overview and Level Annotations

Branches:
Dungeon (2/15)

Altars:


Innate Abilities, Weirdness & Mutations

You regenerate a little health from kills.
You have a small tail.


Message History

Throw: dart (poison)
Press: ? - help, Q - select action, (/) - cycle Shift-Dir - straight line, f/p - gnoll
Aim: a gnoll, wielding a +0 spear (61% to hit)
You throw a poisoned dart. The poisoned dart hits the gnoll.
The gnoll is poisoned.
The gnoll completely misses you.
Throw: 39 stones
Press: ? - help, Q - select action Shift-Dir - straight line, f - gnoll, p - gnoll
Aim: a gnoll, wielding a +0 halberd (61% to hit)
You throw a stone.
The stone hits the gnoll but does no damage.
The gnoll is lightly wounded.
The gnoll hits you but does no damage.
You aren't carrying any items that you can evoke.
Unknown command.
The gnoll looks more healthy.
The gnoll barely misses you.
There is a stone staircase leading up here.
The gnoll hits you with a +0 spear.
There is a stone staircase leading up here.
The gnoll hits you from afar with a +0 spear!
* * * LOW HITPOINT WARNING * * *
The gnoll barely misses you.
You climb upwards.
There is a stone staircase leading down here.
A red film seems to cover your vision as you go berserk!
You feel yourself moving faster!
You feel mighty! The gnoll barely misses you.
You completely miss the gnoll. The gnoll hits you with a +0 spear.
* * * LOW HITPOINT WARNING * * *
You barely miss the gnoll. You slash the gnoll!
You kill the gnoll!
Trog accepts your kill.
You have reached level 3!
Your experience leads to an increase in your attributes!
Your base attributes are Str 17, Int 8, Dex 12.
Increase (S)trength, (I)ntelligence, or (D)exterity?
You feel clever. x2; Your demonic ancestry asserts itself...
You grow a small tail.
Are you sure you want to abandon this character and quit the game? (Confirm with "yes".)

# #....# #..........##.#
# #.#### #..........##.#
# #.######..........##.#
# #.....##..........##.#
# #####.##..........##.#
#######.##.............#
#.....#.##...........###
#.###.#.########.###.#
#.#.#.#........)@# #.#
#.#...#...##########.#
#.#.........#......#.#
#.#####...###.####.#.#
#..................#.#
#######...###...####.#
#...# #........# #...#
#...###### #...# #...#


There were no monsters in sight!

Vanquished Creatures
  A gnoll (D:1)
  A dart slug (D:1)
  3 ball pythons
  2 endoplasms (D:2)
  A giant cockroach (D:1)
  3 hobgoblins
  A kobold (D:1)
  A quokka (D:2)
  2 bats (D:2)
  A frilled lizard (D:2)
  2 rats
18 creatures vanquished.

Notes
Turn   | Place    | Note
-------+----------+-------------------------------------------
     0 | D:1      | knot the Demonspawn Berserker began the quest for the Orb.
     0 | D:1      | Reached XP level 1. HP: 18/18 MP: 1/1
   293 | D:1      | Gained mutation: You regenerate a little health from kills.
                  | [demonic ancestry]
   293 | D:1      | Reached XP level 2. HP: 24/24 MP: 2/2
   784 | D:1      | Gained mutation: You have a small tail. [demonic ancestry]
   784 | D:1      | Reached XP level 3. HP: 9/29 MP: 3/3
   784 | D:1      | Quit the game

Illustrated notes

Levels and vault maps discovered:
D:1:      elethiomel_arrival_infinity_welcomes_careful_drivers, layout_basic
D:2:      layout_basic, hellmonk_ecumenical_altar_inner_sanctum,
          kennysheep_boxes, uniq_jessica

Skill      XL: |  1 |
---------------+----+-----
Axes           | 3 |  3.7
Fighting       | |  3.0
Throwing       | |  0.7
Armour         | |  1.7
Dodging        | |  1.7

Action                   || total
-------------------------++-------
Melee: Hand axe          ||    45
       Punch             ||     1
Throw: Dart              ||     3
       Stone             ||     1
Invok: Berserk           ||     1
Armor: Animal skin       ||    11
Dodge: Dodged            ||    35

Table legend: (Time is in decaauts)
 A = Elapsed time spent in this place.
 B = Non-inter-level travel time spent in this place.
 C = Inter-level travel time spent in this place.
 D = Time resting spent in this place.
 E = Time spent auto-exploring this place.
 F = Levels seen in this place.
 G = Mean time per level.
                   A        B        C        D        E       F      G
               +--------+--------+--------+--------+--------+-----+--------+
         Total |    789 |    775 |     14 |      0 |    615 |   2 |  394.5 |
       Dungeon |    789 |    775 |     14 |      0 |    615 |   2 |  394.5 |
               +--------+--------+--------+--------+--------+-----+--------+

Top non-repeatable levels by time:
     D:1: 651 daAuts
     D:2: 137 daAuts
